 Dungeon Crawl Stone Soup version 0.31-a0-728-g01b46875f1 (webtiles) character file.

Game seed: 15701534443218247850

721 Nick1 the Ruffian (level 7, -2/53 HPs)
             Began as a Gnoll Shapeshifter on Sept 12, 2023.
             Slain by an ogre
             ... wielding a +0 giant club
              (34 damage)
             ... on level 5 of the Dungeon.
             The game lasted 00:19:55 (2858 turns).

Nick1 the Ruffian (Gnoll Shapeshifter)              Turns: 2858, Time: 00:19:55

Health: -2/53      AC:  8    Str: 16    XL:     7   Next: 71%
Magic:  9/9        EV: 11    Int:  9    God:
Gold:   246        SH:  0    Dex: 11    Spells: 11/11 levels left

rFire   . . .        B - +2 dagger (venom)
rCold   . . .        (no shield)
rNeg    + . .        t - +0 scale mail
rPois   .            (helmet currently unavailable)
rElec   .            (cloak currently unavailable)
rCorr   .            (gloves currently unavailable)
SInv    .            (boots currently unavailable)
Will    .....        (no amulet)
Stlth   +            f - ring of positive energy
HPRegen 0.28/turn    (no ring)
MPRegen 0.11/turn

%: no passive effects
@: beast-form
A: beast (slay +4), fangs 1, strong nose, distributed training, iridescent
scales 1, low MP 1, subdued magic 1
a: Begin Untransformation


You were on level 5 of the Dungeon.
You were a hulking beast.
You visited 2 branches of the dungeon, and saw 6 of its levels.
You also visited: Sewer.

You collected 246 gold pieces.

Inventory:

Hand Weapons
 m - a +0 scythe
 B - a +2 dagger of venom (weapon)
Armour
 a - a +0 animal skin
 l - a +0 ring mail
 r - a +0 chain mail
 t - a +0 scale mail (worn)
Jewellery
 f - a ring of positive energy (left hand)
 n - a ring of fire
 p - an amulet of magic regeneration
 C - a ring of fire
 D - a ring of ice
Talismans
 c - a beast talisman (active)
 d - a flux talisman
Wands
 y - a wand of flame (5)
Scrolls
 e - 2 scrolls of noise {unknown}
 j - a scroll of poison {unknown}
 k - 6 scrolls of teleportation
 o - a scroll of summoning {unknown}
 q - 2 scrolls of vulnerability {unknown}
 x - 2 scrolls of amnesia {unknown}
Potions
 b - 2 potions of lignification
 g - 3 potions of curing
 h - 2 potions of degeneration {unknown}
 i - a potion of attraction {unknown}
 s - 3 potions of enlightenment
 u - a potion of haste {unknown}
 v - 2 potions of might {unknown}
 w - 2 potions of ambrosia {unknown}
 z - 3 potions of resistance {unknown}
 A - 3 potions of magic {unknown}


   Skills:
 + Level 3.8 Fighting
 + Level 2.7 Short Blades
 + Level 2.7 Long Blades
 + Level 2.7 Axes
 + Level 2.7 Maces & Flails
 + Level 2.7 Polearms
 + Level 2.7 Staves
 + Level 2.7 Ranged Weapons
 + Level 2.7 Throwing
 + Level 2.7 Armour
 + Level 5.3 Dodging
 + Level 2.7 Stealth
 + Level 2.7 Shields
 + Level 7.1 Unarmed Combat
 + Level 2.7 Spellcasting
 + Level 2.2 Conjurations
 + Level 2.2 Hexes
 + Level 2.2 Summonings
 + Level 2.2 Necromancy
 + Level 2.2 Translocations
 + Level 2.2 Transmutations
 + Level 2.2 Fire Magic
 + Level 2.2 Ice Magic
 + Level 2.2 Air Magic
 + Level 2.2 Earth Magic
 + Level 2.2 Poison Magic
 + Level 3.0 Invocations
 + Level 2.7 Evocations
 + Level 7.0 Shapeshifting


You had 11 spell levels left.
You didn't know any spells.
Your spell library contained the following spells:

 Spells                   Type           Power      Damage    Failure   Level
 Magic Dart               Conj           16%        1d3       36%         1
 Call Imp                 Summ           8%         N/A       52%         2
 Dazzling Flash           Conj/Hex       8%         N/A       77%         3
 Mephitic Cloud           Conj/Pois/Air  4%         N/A       77%         3
 Agony                    Necr           4%         N/A       100%        5
 Silence                  Hex/Air        2%         N/A       100%        5


Dungeon Overview and Level Annotations

Branches:
Dungeon (5/15)             Temple (1/1) D:4           Sewer (visited)

Altars:
Ashenzari
Dithmenos
Fedhas
Gozag
Hepliaklqana
Makhleb
Nemelex Xobeh
Qazlal
Ru
Sif Muna
Trog
Uskayaw
Vehumet
Xom
Yredelemnul
The Shining One

Annotations:
D:4 3 runed translucent doors, javelincjr's ghost, novice GnSu


Innate Abilities, Weirdness & Mutations

You are a hulking beast.
Your limbs bulge with bestial killing power. (Slay +4)
You have very sharp teeth.
Your uncanny sense of smell can sniff out nearby items.
Your experience applies equally to all skills.
You are partially covered in iridescent scales. (AC +2)
Your magical capacity is low. (-10% MP)
Your spells are a little easier to cast, but a little less powerful.


Message History

The adder bites you but does no damage.
You hit the adder.
You kill the adder!
Found a club.
You see here a +0 club.
A shadow imp comes into view.
Found 9 gold pieces.
The shadow imp puffs mist at you. The shadow imp gestures at you.
Pain shoots through your body! The shadow imp closely misses you.
You see here 9 gold pieces.
You hit the shadow imp. Your bite misses the shadow imp.
The shadow imp is heavily wounded.
The shadow imp hits you but does no damage.
You barely miss the shadow imp.
The shadow imp is heavily wounded.
The shadow imp gestures at you.
You struggle to resist.
You closely miss the shadow imp.
The shadow imp is heavily wounded.
The shadow imp hits you but does no damage.
You barely miss the shadow imp.
The shadow imp is heavily wounded.
The shadow imp hits you but does no damage.
You hit the shadow imp.
You kill the shadow imp!
You now have 246 gold pieces (gained 9).
Found a halberd.
Found a scroll of identify.
An ogre comes into view. It is wielding a +0 giant club.
The ogre shouts!
A hound comes into view.
Found 7 gold pieces.
The hound barks!
You hit the ogre.
The ogre is poisoned.
The ogre is lightly wounded.
The ogre hits you with a +0 giant club!!
Ouch! That really hurt!
You die...

##.## #..# #.# #..# .#
#.#####..#######.#
#.#..............#
#.###....####..###
................##
####.##.####.....### #
#.......)......... #
#.........h..?.#
######......####O.#.##
........###.# #..#
.#####.# #.# #..h.
....... ..# #.....
...... #... ........
#########...##
#....... #
#..........###....$.#
# #...........


You could see an ogre (very poisoned) and a hound.

Vanquished Creatures
  Sigmund (D:2)
  A phantom (D:5)
  3 kobold brigands (Sewer)
  An orc priest (D:3)
  A hound (D:5)
  2 orc wizards (D:5)
  6 adders
  A shadow imp (D:5)
  A white imp (D:5)
  3 worms
  A dart slug (D:4)
  11 orcs
  13 ball pythons
  3 bats
  11 endoplasms
  3 giant cockroaches
  5 goblins
  5 hobgoblins
  3 quokkas
  4 frilled lizards
  10 kobolds
  16 rats
105 creatures vanquished.

Notes
Turn   | Place    | Note
-------+----------+-------------------------------------------
     0 | D:1      | Nick1 the Gnoll Shapeshifter began the quest for the Orb.
     0 | D:1      | Reached XP level 1. HP: 17/17 MP: 1/1
   174 | D:1      | Reached XP level 2. HP: 23/23 MP: 2/2
   695 | D:2      | Reached XP level 3. HP: 25/28 MP: 3/3
   716 | D:2      | Noticed Sigmund
   780 | D:2      | Killed Sigmund
   781 | D:2      | Reached skill level 1 in Short Blades
   781 | D:2      | Reached skill level 1 in Long Blades
   781 | D:2      | Reached skill level 1 in Axes
   781 | D:2      | Reached skill level 1 in Maces & Flails
   781 | D:2      | Reached skill level 1 in Polearms
   781 | D:2      | Reached skill level 1 in Staves
   781 | D:2      | Reached skill level 1 in Ranged Weapons
   781 | D:2      | Reached skill level 1 in Throwing
   781 | D:2      | Reached skill level 1 in Armour
   781 | D:2      | Reached skill level 1 in Stealth
   781 | D:2      | Reached skill level 1 in Shields
   781 | D:2      | Reached skill level 1 in Spellcasting
   781 | D:2      | Reached skill level 1 in Conjurations
   781 | D:2      | Reached skill level 1 in Hexes
   781 | D:2      | Reached skill level 1 in Summonings
   781 | D:2      | Reached skill level 1 in Necromancy
   781 | D:2      | Reached skill level 1 in Translocations
   781 | D:2      | Reached skill level 1 in Transmutations
   781 | D:2      | Reached skill level 1 in Fire Magic
   781 | D:2      | Reached skill level 1 in Ice Magic
   781 | D:2      | Reached skill level 1 in Air Magic
   781 | D:2      | Reached skill level 1 in Earth Magic
   781 | D:2      | Reached skill level 1 in Poison Magic
   781 | D:2      | Reached skill level 1 in Invocations
   781 | D:2      | Reached skill level 1 in Evocations
   781 | D:2      | Reached XP level 4. HP: 35/35 MP: 4/6
   781 | D:2      | Reached XP level 5. HP: 41/41 MP: 4/7
   831 | D:2      | You fall into a shaft and drop 1 floor!
  1147 | D:2      | Reached XP level 6. HP: 47/47 MP: 8/8
  1195 | D:2      | Gained mutation: You are robust. (+10% HP) [potion of
                  | mutation]
  1195 | D:2      | Gained mutation: You have a pair of small horns on your
                  | head. [potion of mutation]
  1196 | D:2      | Lost mutation: You have a pair of small horns on your head.
                  | [potion of mutation]
  1196 | D:2      | Lost mutation: You are robust. (+10% HP) [potion of
                  | mutation]
  1196 | D:2      | Gained mutation: Your muscles are strong. (Str +4, Int/Dex
                  | -1) [potion of mutation]
  1196 | D:2      | Gained mutation: You have sharp toenails. [potion of
                  | mutation]
  1340 | D:3      | Reached skill level 5 in Dodging
  1632 | D:4      | Lost mutation: Your muscles are strong. (Str +4, Int/Dex
                  | -1) [potion of mutation]
  1632 | D:4      | Lost mutation: You have sharp toenails. [potion of
                  | mutation]
  1632 | D:4      | Gained mutation: Your magical capacity is low. (-10% MP)
                  | [potion of mutation]
  1632 | D:4      | Gained mutation: Your spells are a little easier to cast,
                  | but a little less powerful. [potion of mutation]
  1632 | D:4      | Gained mutation: You are partially covered in iridescent
                  | scales. (AC +2) [potion of mutation]
  1633 | D:4      | Found a glowing drain.
  1643 | Sewer    | Entered a sewer
  1837 | Sewer    | Reached XP level 7. HP: 51/52 MP: 9/9
  2104 | D:4      | Found a staircase to the Ecumenical Temple.
  2257 | D:4      | Noticed javelincjr's ghost (novice GnSu)
  2266 | D:4      | Found a runed translucent gate.
  2266 | D:4      | Found a runed translucent gate.
  2268 | D:4      | Found a runed translucent gate.
  2519 | Temple   | Entered the Ecumenical Temple
  2682 | D:5      | Entered Level 5 of the Dungeon
  2858 | D:5      | Slain by an ogre

Illustrated notes

Levels and vault maps discovered:
D:1:      zaba_arrival_water, layout_loops_ring
D:2:      layout_basic, uniq_sigmund
D:3:      layout_rooms
D:4:      layout_gridville, minmay_temple_entry_arrows, portal_sewer_entry_c,
          gammafunk_ghost_split
D:5:      layout_loops_ring, gammafunk_ghost_gnarly_gnolls
Temple:   regret_index_temple_sphere_string

Skill      XL: |  1  2  3  4  5  6  7 |
---------------+----------------------+-----
Fighting       | 3 |  3.8
Short Blades   | 1 2 |  2.7
Long Blades    | 1 2 |  2.7
Axes           | 1 2 |  2.7
Maces & Flails | 1 2 |  2.7
Polearms       | 1 2 |  2.7
Staves         | 1 2 |  2.7
Ranged Weapons | 1 2 |  2.7
Throwing       | 1 2 |  2.7
Armour         | 1 2 |  2.7
Stealth        | 1 2 |  2.7
Shields        | 1 2 |  2.7
Spellcasting   | 1 2 |  2.7
Conjurations   | 1 2 |  2.2
Hexes          | 1 2 |  2.2
Summonings     | 1 2 |  2.2
Necromancy     | 1 2 |  2.2
Translocations | 1 2 |  2.2
Transmutations | 1 2 |  2.2
Fire Magic     | 1 2 |  2.2
Ice Magic      | 1 2 |  2.2
Air Magic      | 1 2 |  2.2
Earth Magic    | 1 2 |  2.2
Poison Magic   | 1 2 |  2.2
Invocations    | 1 2 3 |  3.0
Evocations     | 1 2 |  2.7
Dodging        | 5 |  5.3
Unarmed Combat | 7 |  7.1
Shapeshifting  | 7 |  7.0

Action                     |  1- 3 |  4- 6 |  7- 9 || total
---------------------------+-------+-------+-------++-------
  Melee: Unarmed           |    49 |   114 |    27 ||   190
         Punch             |     3 |     3 |     3 ||     9
         Bite              |     2 |     7 |    11 ||    20
         Kick              |       |     7 |       ||     7
         Dagger            |       |       |    62 ||    62
    Use: Scroll            |       |     3 |     1 ||     4
         Potion            |       |     3 |     1 ||     4
   Stab: Sleeping          |     2 |       |       ||     2
 Armour: Animal skin       |    13 |       |       ||    13
         Ring mail         |     9 |     4 |       ||    13
         Chain mail        |       |    15 |       ||    15
         Scale mail        |       |    27 |    54 ||    81
  Dodge: Dodged            |    20 |    51 |    22 ||    93

Table legend: (Time is in decaauts)
 A = Elapsed time spent in this place.
 B = Non-inter-level travel time spent in this place.
 C = Inter-level travel time spent in this place.
 D = Time resting spent in this place.
 E = Time spent auto-exploring this place.
 F = Levels seen in this place.
 G = Mean time per level.
                   A        B        C        D        E       F      G
               +--------+--------+--------+--------+--------+-----+--------+
         Total |   2916 |   2748 |    168 |      0 |   1540 |   7 |  416.6 |
       Dungeon |   2398 |   2328 |     70 |      0 |   1355 |   5 |  479.6 |
        Temple |     99 |      1 |     98 |      0 |      0 |   1 |   99.0 |
         Sewer |    418 |    418 |      0 |      0 |    184 |   1 |  418.0 |
               +--------+--------+--------+--------+--------+-----+--------+

Top non-repeatable levels by time:
     D:4: 659 daAuts
     D:1: 652 daAuts
     D:3: 469 daAuts
     D:2: 447 daAuts
   Sewer: 418 daAuts
     D:5: 168 daAuts
  Temple: 99 daAuts
